 Dungeon Crawl Stone Soup version 0.28.0-53-g5a82cb258f (webtiles) character file.

Game seed: 8857957092640756085

53 styxcanada the Sneak (level 3, -1/18 HPs)
             Began as a Spriggan Brigand on June 10, 2022.
             Slain by an orc warrior
             ... wielding a +0 battleaxe of freezing
              (5 damage)
             ... on level 4 of the Dungeon.
             The game lasted 00:05:33 (2079 turns).

styxcanada the Sneak (Spriggan Brigand)             Turns: 2079, Time: 00:05:34

Health: -1/18      AC:  3    Str:  7    XL:     3   Next: 64%
Magic:  4/4        EV: 17    Int: 12    God:
Gold:   33         SH:  0    Dex: 18    Spells: 2/2 levels left

rFire   . . .      SeeInvis +   a - +2 dagger
rCold   . . .      Faith    .   (no shield)
rNeg    . . .      Spirit   .   b - +0 robe
rPois   .          Reflect  .   (helmet restricted)
rElec   .          Harm     .   c - +0 cloak
rCorr   .          Rampage  .   (gloves unavailable)
Will    .....                   (boots unavailable)
Stlth   ++++......              (no amulet)
HPRegen 0.06/turn               (no ring)
MPRegen 0.09/turn               (no ring)

@: very quick
A: very small, no large weapons, unfitting armour, see invisible, speed 3
a: no special abilities


You were on level 4 of the Dungeon.
You visited 1 branch of the dungeon, and saw 3 of its levels.

You collected 33 gold pieces.

Inventory:

Hand Weapons
 a - a +2 dagger (weapon)
 f - a +0 hunting sling
Missiles
 d - 2 poisoned darts (quivered)
 e - 2 curare-tipped darts
 k - 46 stones
 n - 12 sling bullets
Armour
 b - a +0 robe (worn)
 c - a +0 cloak (worn)
Scrolls
 i - a scroll of noise {unknown}
 j - 2 scrolls of identify {unknown}
 l - a scroll of blinking {unknown}
 m - a scroll of teleportation {unknown}
Potions
 g - 3 potions of curing {unknown}
 h - a potion of brilliance {unknown}


   Skills:
 * Level 1.8 Fighting
 + Level 2.3 Short Blades
 + Level 2.0 Throwing
 * Level 1.9 Dodging
 * Level 7.6 Stealth


You had 2 spell levels left.
You didn't know any spells.
Your spell library was empty.

Dungeon Overview and Level Annotations

Branches:
Dungeon (2/15)

Altars:

Annotations:
D:1 1 runed translucent door


Innate Abilities, Weirdness & Mutations

You are very small and have problems with some larger weapons.
You are too small for most types of armour.
You have supernaturally acute eyesight. (SInv)
You cover ground extremely quickly. (Speed+++)


Message History

The orc priest is lightly wounded.
Throw: 6 darts (poison)
Press: ? - help, Q - select action, (/) - cycle Shift-Dir - straight line, f - orc warrior
Aim: an orc warrior, wielding a +0 battleaxe of freezing and wearing a +0 chain mail (heavily wounded, 58% to hit)
You throw a poisoned dart.
The poisoned dart closely misses the orc warrior.
Throw: 5 darts (poison)
Press: ? - help, Q - select action, (/) - cycle Shift-Dir - straight line, f/p - orc warrior
Aim: an orc warrior, wielding a +0 battleaxe of freezing and wearing a +0 chain mail (heavily wounded, 58% to hit)
You throw a poisoned dart.
The poisoned dart closely misses the orc warrior.
Throw: 4 darts (poison)
Press: ? - help, Q - select action, (/) - cycle Shift-Dir - straight line, f/p - orc warrior
Aim: an orc warrior, wielding a +0 battleaxe of freezing and wearing a +0 chain mail (heavily wounded, 58% to hit)
You throw a poisoned dart.
The poisoned dart closely misses the orc warrior.
The poisoned dart hits the orc priest.
The orc priest is poisoned.
The orc priest is lightly wounded.
Throw: 3 darts (poison)
Press: ? - help, Q - select action, (/) - cycle Shift-Dir - straight line, f/p - orc warrior
Aim: an orc warrior, wielding a +0 battleaxe of freezing and wearing a +0 chain mail (heavily wounded, 58% to hit)
You throw a poisoned dart. The poisoned dart hits the orc warrior.
The orc warrior is poisoned.
The orc warrior is heavily wounded.
The orc priest casts a cantrip, but nothing happens.
You now have 20 gold pieces (gained 14).
k - 46 stones (gained 1)
You now have 33 gold pieces (gained 13).
You see here 20 stones.
You see here 11 gold pieces.
You closely miss the orc warrior.
The orc warrior is severely wounded.
The orc warrior closely misses you.
You closely miss the orc warrior.
The orc warrior is severely wounded.
The orc warrior hits you with a +0 battleaxe of freezing!
Ouch! That really hurt!
* * * LOW HITPOINT WARNING * * *
The orc warrior freezes you.
You die...

#...).# ### ######.
#.#.#.###.# ######......
#.#.......####...##.####.
#.....ooo....(......# #.
#.o#######(####.###.# #.
#..# ##..o..##.# #.# #.
#.o####8.$(.##..# #.# #.
#..##.#8...##o..# #.# ##
#..#..(#@..###.?# #.#
#####..###.#o#.#.#..# #.#
.....g...##.#o...##).. .#
#######.#.##.##...#
#.##..#.###..# ..#######
#.# #... ... .... ##
###..


You could see an orc warrior, an orc priest and an orc wizard.

Vanquished Creatures
  An adder (D:2)
  2 worms (D:2)
  2 dart slugs (D:1)
  2 orcs (D:4)
  4 ball pythons
  3 endoplasms
  A giant cockroach (D:4)
  5 goblins
  2 hobgoblins (D:2)
  5 bats
  A frilled lizard (D:2)
  5 rats
33 creatures vanquished.

Notes
Turn   | Place    | Note
-------+----------+-------------------------------------------
     0 | D:1      | styxcanada the Spriggan Brigand began the quest for the
                  | Orb.
     0 | D:1      | Reached XP level 1. HP: 10/10 MP: 2/2
     1 | D:1      | Found a runed translucent door.
     2 | D:1      | Noticed a jelly
    44 | D:1      | Reached skill level 6 in Stealth
    84 | D:1      | Found a faded altar of an unknown god.
    99 | D:1      | Reached XP level 2. HP: 5/14 MP: 3/3
   939 | D:2      | Reached skill level 7 in Stealth
  1250 | D:2      | Reached XP level 3. HP: 18/18 MP: 4/4
  1674 | D:2      | You fall into a shaft and drop 2 floors!
  1722 | D:4      | Noticed an orc warrior
  2079 | D:4      | Slain by an orc warrior

Illustrated notes

Levels and vault maps discovered:
D:1:      dpeg_arrival_caged_fury, layout_basic,
          chequers_ecumenical_altar_twisty
D:2:      layout_basic, minmay_misc_feat_tower
D:4:      minmay_spotlight, layout_basic, temple_pool_b, guppyfry_early_orc_mine

Skill      XL: |  1  2 |
---------------+-------+-----
Stealth        | 6 7 |  7.6
Fighting       | |  1.8
Short Blades   | |  2.3
Throwing       | |  2.0
Dodging        | |  1.9

Action                   || total
-------------------------++-------
Melee: Dagger            ||    82
Throw: Dart              ||    17
       Stone             ||     2
 Stab: Sleeping          ||    17
       Distracted        ||     1
Armor: Robe              ||     6
Dodge: Dodged            ||    44
